 Dungeon Crawl Stone Soup version 0.29.1-1-gd02db6906a (webtiles) character file.

Game seed: 12787873054954163268

976 xian the Covered (level 7, 0/61 HPs)
             Began as a Minotaur Fighter on Sept 19, 2022.
             Was a Follower of Okawaru.
             Slain by a gnoll sergeant
             ... wielding a +2 spear of venom
              (12 damage)
             ... on level 6 of the Dungeon.
             The game lasted 00:13:16 (4548 turns).

xian the Covered (Minotaur Fighter)                 Turns: 4548, Time: 00:13:17

Health: 0/61       AC: 11    Str: 23    XL:     7   Next: 95%
Magic:  0/6        EV: 11    Int: 13    God:    Okawaru [*.....]
Gold:   233        SH:  9    Dex: 12    Spells: 6/6 levels left

rFire   . . .      SeeInvis +   a - +0 flail
rCold   . . .      Faith    .   v - +0 kite shield
rNeg    . . .      Spirit   +   A - +0 chain mail
rPois   .          Reflect  .   (helmet restricted)
rElec   .          Harm     +   k - scarf {harm}
rCorr   .          Rampage  .   p - +0 pair of gloves
Will    .....                   (no boots)
Stlth   ..........              t - amulet of guardian spirit
HPRegen 0.20/turn               z - ring "Xece" {EV+4 Int+2 Dex+3 SInv}
MPRegen 0.10/turn               B - +6 ring of intelligence

@: no status effects
A: horns 2, retaliatory headbutt
a: Renounce Religion, Heroism


You were on level 6 of the Dungeon.
You worshipped Okawaru.
Okawaru was aware of your devotion.
You visited 2 branches of the dungeon, and saw 7 of its levels.

You collected 313 gold pieces.
You spent 80 gold pieces at shops.

Inventory:

Hand Weapons
 a - a +0 flail (weapon)
Missiles
 i - 4 javelins (quivered)
 j - a throwing net
 q - 2 silver boomerangs
Armour
 k - a scarf of harm (worn)
 p - a +0 pair of gloves (worn)
 v - a +0 kite shield (worn)
 A - a +0 chain mail (worn)
Jewellery
 t - an amulet of guardian spirit (around neck)
 z - the ring "Xece" (left hand) {EV+4 Int+2 Dex+3 SInv}
   (You found it on level 5 of the Dungeon)

   [ring of evasion]

   EV:        It affects your evasion (+4).
   Int:       It affects your intelligence (+2).
   Dex:       It affects your dexterity (+3).
   SInv:      It lets you see invisible.
 B - a +6 ring of intelligence (right hand)
Wands
 c - a wand of paralysis (1)
Scrolls
 h - 4 scrolls of teleportation
 l - a scroll of magic mapping
 n - 3 scrolls of enchant armour
 r - a scroll of blinking
 u - a scroll of amnesia
 x - 2 scrolls of immolation
 y - a scroll of enchant weapon
Potions
 d - 3 potions of might
 e - a potion of invisibility
 f - a potion of magic
 g - 2 potions of resistance
 m - 2 potions of flight {unknown}
 o - a potion of mutation
 w - 2 potions of attraction {unknown}


   Skills:
 + Level 5.3 Fighting
 + Level 6.1 Maces & Flails
 + Level 1.3 Throwing
 + Level 6.6 Armour
 + Level 2.5 Dodging
 + Level 1.2 Stealth
 + Level 5.8 Shields


You had 6 spell levels left.
You didn't know any spells.
Your spell library contained the following spells:

 Spells                   Type           Power      Damage    Failure   Level
 Freeze                   Ice            0%         1d3       99%         1
 Magic Dart               Conj           0%         1d3       99%         1
 Frozen Ramparts          Ice            0%         1d1       100%        3
 Mephitic Cloud           Conj/Pois/Air  0%         N/A       100%        3
 Hailstorm                Conj/Ice       0%         3d3       100%        4
 Dispersal                Tloc           0%         N/A       100%        6
 Disjunction              Tloc           0%         N/A       100%        8
 Call Imp                 Summ           Unusable   N/A       N/A         2

Dungeon Overview and Level Annotations

Branches:
Dungeon (6/15)             Temple (1/1) D:5

Altars:
Ashenzari
Cheibriados
Dithmenos
Elyvilon
Fedhas
Gozag
Hepliaklqana
Kikubaaqudgha
Makhleb
Nemelex Xobeh
Okawaru
Qazlal
Ru
Sif Muna
Trog
Uskayaw
Vehumet
Wu Jian
Yredelemnul
Zin
The Shining One

Shops:
D:3 *   D:4 *


Innate Abilities, Weirdness & Mutations

You have a pair of horns on your head.
You reflexively headbutt those who attack you in melee.


Message History

There is a stone staircase leading up here.
Okay, then.
Okay, then.
A hound comes into view.
The hound barks!
You closely miss the hound. The hound bites you but does no damage.
You hit the hound.
The hound is moderately wounded.
You block the hound's attack. x2
You hit the hound.
The hound is heavily wounded.
You block the hound's attack. The hound barely misses you.
You furiously retaliate!
You headbutt the hound!
You kill the hound!
Okawaru accepts your kill.
Your Maces & Flails skill increases to level 6!
A gnoll sergeant comes into view. It is wielding a +2 spear of venom.
The gnoll sergeant shouts!
You hear a shout!
The gnoll sergeant hits you with a +2 spear of venom!
You are poisoned.
You hit the gnoll sergeant.
The gnoll sergeant is lightly wounded.
You feel very sick. You block the gnoll sergeant's attack.
A gnoll comes into view. It is wielding a +0 spear.
The gnoll sergeant hits you with a +2 spear of venom!
You are lethally poisoned!
It was a potion of curing.
You feel better.
A gnoll comes into view. It is wielding a +0 spear.
The gnoll sergeant hits you with a +2 spear of venom!
You are poisoned.
You feel very sick.
The gnoll sergeant hits you from afar with a +2 spear of venom!
* * * LOW HITPOINT WARNING * * *
You are lethally poisoned!
* * * LOW HITPOINT WARNING * * *
You feel extremely sick.
You feel better.
The gnoll sergeant hits you from afar with a +2 spear of venom!
You die...

#⌠ #. ###.
....######
#...<.# #.....#
.g.########>....#
PP....gg.@......#
...#####........#
#$.########
#...## #..## ...#
.##


You could see a gnoll sergeant and a gnoll.

Vanquished Creatures
  A water moccasin (D:5)
  An ogre (D:4)
  2 phantoms
  4 scorpions
  4 hounds
  2 orc priests (D:3)
  2 iguanas (D:5)
  Terence (D:3)
  An orc wizard (D:4)
  4 adders
  A shadow imp (D:5)
  2 ufetubi (D:5)
  6 dart slugs
  7 orcs
  7 bats
  An endoplasm (D:3)
  5 giant cockroaches
  7 goblins
  6 hobgoblins
  2 jackals (D:3)
  6 kobolds
  3 quokkas
  8 ball pythons
  6 rats
89 creatures vanquished.

Vanquished Creatures (others)
  A fungus (D:1)
  6 plants
7 creatures vanquished.

Grand Total: 96 creatures vanquished

Notes
Turn   | Place    | Note
-------+----------+-------------------------------------------
     0 | D:1      | xian the Minotaur Fighter began the quest for the Orb.
     0 | D:1      | Reached XP level 1. HP: 19/19 MP: 0/0
   270 | D:1      | Found a faded altar of an unknown god.
   277 | D:1      | Reached XP level 2. HP: 23/27 MP: 1/1
   723 | D:1      | Reached XP level 3. HP: 33/33 MP: 2/2
  1561 | D:3      | Found an ancient bone altar of Kikubaaqudgha.
  1591 | D:3      | Reached XP level 4. HP: 40/40 MP: 3/3
  1877 | D:3      | Found Uleyl's General Store.
  2147 | D:3      | Reached XP level 5. HP: 47/47 MP: 4/4
  2178 | D:3      | Noticed Terence
  2180 | D:3      | Killed Terence
  2181 | D:3      | Reached skill level 5 in Armour
  2361 | D:4      | Found Yligg's General Store.
  2372 | D:4      | Bought a potion of heal wounds for 50 gold pieces
  2372 | D:4      | Bought a scroll of teleportation for 30 gold pieces
  2385 | D:4      | HP: 2/47 [scorpion (4)]
  2398 | D:3      | Reached skill level 1 in Dodging
  2733 | D:4      | Noticed a phantom
  2745 | D:4      | Killed a phantom
  2746 | D:4      | Reached XP level 6. HP: 55/55 MP: 5/5
  3013 | D:4      | Reached skill level 5 in Fighting
  3013 | D:4      | Reached skill level 1 in Throwing
  3013 | D:4      | Reached skill level 5 in Shields
  3293 | D:4      | Found a glowing silver altar of Zin.
  3297 | D:4      | Found a white marble altar of Elyvilon.
  3316 | D:4      | Reached skill level 5 in Maces & Flails
  3316 | D:4      | Reached XP level 7. HP: 52/61 MP: 6/6
  3321 | D:4      | Found a hazy altar of Hepliaklqana.
  3477 | D:5      | Entered Level 5 of the Dungeon
  3482 | D:5      | Found a staircase to the Ecumenical Temple.
  3503 | Temple   | Entered the Ecumenical Temple
  3603 | Temple   | Became a worshipper of Warmaster Okawaru
  4178 | D:5      | Reached skill level 1 in Stealth
  4235 | D:5      | Reached * piety under Okawaru
  4248 | D:5      | Identified the ring "Xece" {EV+4 Int+2 Dex+3 SInv}
  4548 | D:6      | Slain by a gnoll sergeant

Illustrated notes

Levels and vault maps discovered:
D:1:      dpeg_arrival_triangle_fractal, layout_basic,
          dreamdust_ecumenical_altar_grove
D:2:      layout_rooms, serial_bayou, serial_bayou_crossing,
          serial_bayou_ford_a, serial_bayou_pond_a, serial_bayou_pond_b,
          corexii_corridor_pit
D:3:      layout_basic, nicolae_kikubaaqudgha_miasma_corner, serial_shops,
          nicolae_shop_crystal, uniq_terence
D:4:      layout_basic, grunt_temple_overflow_open, serial_shops, shop
D:5:      layout_rooms, minmay_temple_entry_stoned_glass
D:6:      cheibrodos_two_vegetables, layout_rooms, serial_shops,
          nicolae_take_the_stairs, shop, nicolae_shop_hallway_plus,
          kennysheep_mini, shop, nicolae_grassy_gnolls
Temple:   minmay_temple_bridge_d

Skill      XL: |  1  2  3  4  5  6  7 |
---------------+----------------------+-----
Shields        | 4 5 |  5.8
Armour         | 4 5 6 |  6.6
Fighting       | 4 5 |  5.3
Maces & Flails | 3 4 5 6 |  6.1
Dodging        | 1 2 |  2.5
Throwing       | 1 |  1.3
Stealth        | 1 |  1.2

Action                   |  1- 3 |  4- 6 |  7- 9 || total
-------------------------+-------+-------+-------++-------
Melee: Flail             |    64 |    69 |    60 ||   193
       Headbutt          |     7 |    12 |     8 ||    27
Throw: Javelin           |     1 |     8 |     4 ||    13
  Use: Potion            |       |     3 |     2 ||     5
       Scroll            |       |       |     8 ||     8
Armor: Scale mail        |    46 |    47 |    35 ||   128
       Chain mail        |       |       |     1 ||     1
Dodge: Dodged            |    47 |    46 |    31 ||   124
Block: Buckler           |    20 |    14 |       ||    34
       Kite shield       |       |    15 |    41 ||    56
